AoeStats
← Child of Light

Arena

508791754Analyzed
1v1 RM · 10d ago on Sep 24, 2026· 29m 43s· 2 players
Game mode
Random Map
Map size
Tiny (2 player)
Population
200
Speed
Normal
Resources
Standard
Victory
Conquest
Starting age
Dark Age
Ending age
Imperial Age
RankedLock teamsTeams togetherTeam positionsShared explorationLock speedFull tech treeHidden civsTurbo modeCheats
Victory
Defeat
🇮🇹 Varangians · Italy
994
+17
🇧🇷 Muisca · Brazil
1005
-17
Gino6398
9:49 Feudal Age
10:02 Loom
13:42 Castle Age
11:55 Double-Bit Axe
12:31 Horse Collar
23:31 Wheelbarrow
24:11 Fletching
25:31 Bodkin Arrow
27:49 Forging
28:56 Hand Cart
29:00 Scale Barding Armor
29:31 Iron Casting
Child of Light
11:38 Feudal Age
13:05 Wheelbarrow
15:44 Castle Age
13:47 Double-Bit Axe
13:45 Horse Collar
14:44 Loom
15:27 Gold Mining
20:35 Stone Mining
22:04 Bow Saw
22:23 Fletching
25:43 Bodkin Arrow
31:34 Imperial Age
Connection lost

Rejoining the realm…

Still unreachable

The connection could not be restored.

Session expired

The server has moved on; the page needs a fresh start.